 Dungeon Crawl Stone Soup version 0.27.1-1-g398f81649c (webtiles) character file.

Game seed: 14249322902535212482

4 Yaksher the Scratcher (level 1, -2/9 HPs)
             Began as a Felid Transmuter on Sept 12, 2021.
             Slain by a gnoll (3 damage)
             ... on level 1 of the Dungeon.
             The game lasted 00:03:19 (269 turns).

Yaksher the Scratcher (Felid Transmuter)             Turns: 269, Time: 00:03:20

Health: -2/9       AC:  1    Str:  6    XL:     1   Next: 58%
Magic:  4/4        EV: 17    Int: 14    God:
Gold:   0          SH:  0    Dex: 16    Spells: 3/4 levels left
                                        Lives:  0   Deaths: 0

rFire    . . .     SeeInvis +     - Unarmed
rCold    . . .     Faith    .   (shield unavailable)
rNeg     . . .     Spirit   .   (armour unavailable)
rPois    .         Reflect  .   (helmet unavailable)
rElec    .         Harm     .   (cloak unavailable)
rCorr    .         Rampage  .   (gloves unavailable)
Will     .....                  (boots unavailable)
Stlth    +.........             (no amulet)
HPRegen  0.03/turn              (no ring)
MPRegen  0.09/turn              (no ring)

@: quick
A: very small, claws 1, fangs 3, see invisible, speed 1, shaggy fur 1, stealthy
paws, no weapons or thrown items, no armour, multi-lived
a: no special abilities


You were on level 1 of the Dungeon.
You visited 1 branch of the dungeon, and saw 1 of its levels.

You aren't carrying anything.


   Skills:
 + Level 1.0 Fighting
 + Level 2.7 Dodging
 + Level 3.2 Unarmed Combat
 + Level 2.0 Spellcasting
 + Level 2.2 Transmutations


You had 3 spell levels left.
You knew the following spells:

 Your Spells              Type           Power      Damage    Failure   Level
a - Beastly Appendage     Tmut           14%        N/A       10%         1

Your spell library contained the following spells:

 Spells                   Type           Power      Damage    Failure   Level
 Wereblood                Tmut           7%         N/A       14%         2
 Spider Form              Tmut/Pois      2%         N/A       41%         3
 Ice Form                 Ice/Tmut       4%         N/A       83%         4


Dungeon Overview and Level Annotations

Branches:
Dungeon (1/15)

Altars:


Innate Abilities, Weirdness & Mutations

You have sharp claws.
You have razor-sharp teeth.
You have supernaturally acute eyesight. (SInv)
You cover ground quickly. (Speed+)
You are covered in fur. (AC +1)
Your paws help you pounce on unaware monsters.
You are incapable of wielding weapons or throwing items.
You cannot wear armour.
You gain extra lives every three experience levels.


Message History

The gnoll closely misses you.
You scratch the gnoll. You bite the gnoll, but do no damage.
The gnoll is lightly wounded.
The gnoll hits you with a +0 club!
Ouch! That really hurt!
* * * LOW HITPOINT WARNING * * *
You closely miss the gnoll. You bite the gnoll, but do no damage.
The gnoll is lightly wounded.
The gnoll closely misses you.
Your transformation is almost over.
Your horns disappear.
A ball python is nearby!
A ball python is nearby!
There is a staircase leading out of the dungeon here.
A ball python is nearby!
A ball python is nearby!
You start resting.
A ball python is nearby!
Found 7 gold pieces.
A ball python is nearby!
A kobold comes into view. It is wielding a +0 short sword.
Found a scroll labelled XUNUTRIOBEU.
A rat comes into view.
You see here 7 gold pieces.
You aren't carrying any potions.
You aren't carrying any potions.
As you read the scroll labelled HENTOTSANY, it crumbles to dust.
It is a scroll of amnesia.
Really abort (and waste the scroll)?
Okay, then.
The kobold hits you but does no damage.
Found an escape hatch in the floor.
The ball python bites you.
* * * LOW HITPOINT WARNING * * *
The ball python closely misses you.
You see here a scroll labelled XUNUTRIOBEU.
There is an escape hatch in the floor here.
You scratch the gnoll.
The gnoll is heavily wounded.
The gnoll hits you with a +0 club.
You die...

#.. #..# ##.###.#
#..###.>#
##.###.#######
#......K#
##...##......S.
...###..#
#.#...######### #
#KS######.#.## #
#...S.# ##..# # #.###.#
##.# # ##.###.# #.### #
.....#@#####...## #
##.#..g......#..#######
#.....####..##..##..##
#####.# #..##..##..##
#.# ###..##..#### #.#
###..##..###. #.##
#..##<.##..#. #..#
#..##.S##..#. #.g#
###..##..###.


You could see a gnoll and a ball python.

Vanquished Creatures
  A bat (D:1)
  2 endoplasms (D:1)
  A rat (D:1)
4 creatures vanquished.

Notes
Turn   | Place    | Note
-------+----------+-------------------------------------------
     0 | D:1      | Yaksher the Felid Transmuter began the quest for the Orb.
     0 | D:1      | Reached XP level 1. HP: 9/9 MP: 4/4
   269 | D:1      | Slain by a gnoll

Illustrated notes

Levels and vault maps discovered:
D:1:      lightli_iron_boxes, layout_loops_ring,
          hellmonk_ecumenical_altar_lost_god

Action                   || total
-------------------------++-------
Melee: Unarmed           ||    10
       Bite              ||     3
 Cast: Beastly Appendage ||     5
  Use: Scroll            ||     1
 Stab: Sleeping          ||     1
Armor: Skin              ||     3
Dodge: Dodged            ||    11
